 Dungeon Crawl Stone Soup version 0.31-a0-977-gc230f8ef24 (webtiles) character file.

Game seed: 494102080062626954

1185 jt the Tainter (level 8, 0/67 HPs)
             Began as a Naga Enchanter on Oct 29, 2023.
             Was a Follower of Ru.
             Slain by Pikel
             ... wielding a +2 whip of flaming
              (2 damage)
             ... on level 6 of the Dungeon.
             The game lasted 00:13:19 (4658 turns).

jt the Tainter (Naga Enchanter)                     Turns: 4658, Time: 00:13:25

Health: 0/67       AC:  6    Str: 11    XL:     8   Next: 42%
Magic:  3/12       EV: 10    Int: 18    God:    Ru [*.....]
Gold:   263        SH:  0    Dex: 11    Spells: 7/13 levels left

rFire   . . .        K - +6 falchion (holy)
rCold   . . .        (no shield)
rNeg    . . .        b - +0 robe
rPois   +            B - +2 helmet
rElec   .            (no cloak)
rCorr   .            (no gloves)
SInv    +            (no barding)
Will    +....        (no amulet)
Stlth   ++           s - ring of wizardry
HPRegen 0.31/turn    (no ring)
MPRegen 0.13/turn

%: wizardry (x1)
@: short of breath, extremely horrified, very slow
A: AC +2, large, see invisible, deformed body, poison resistance, slowness 2,
spit poison 1, cowardly, naga tail 1
a: Spit Poison, Renounce Religion


You were on level 6 of the Dungeon.
You worshipped Ru.
Ru was aware of your devotion.
You visited 1 branch of the dungeon, and saw 6 of its levels.

You collected 263 gold pieces.

Inventory:

Hand Weapons
 a - a +1 dagger
 h - a +0 whip
 i - a +1 dagger of venom
 u - a +0 trident
 x - a +0 hand axe
 A - a +1 dagger of pain
 F - a +0 war axe
 K - a +6 falchion of holy wrath (weapon)
 L - a +0 morningstar
Missiles
 f - 59 stones
 p - 5 poisoned darts
Armour
 b - a +0 robe (worn)
 d - a +0 scale mail
 e - an orb of guile
 k - a +0 leather armour
 w - a +1 kite shield
 B - a +2 helmet (worn)
Jewellery
 s - a ring of wizardry (left hand)
Talismans
 j - a flux talisman
Scrolls
 g - 5 scrolls of blinking
 l - 2 scrolls of vulnerability
 m - a scroll of revelation
 n - a scroll of amnesia
 q - 2 scrolls of fear
 r - a scroll of teleportation
 y - a scroll of fog
 H - a scroll of brand weapon {unknown}
Potions
 c - 3 potions of invisibility
 t - a potion of haste {unknown}
 v - a potion of heal wounds {unknown}
 z - a potion of magic {unknown}
 C - a potion of berserk rage {unknown}
 D - a potion of cancellation {unknown}
 G - a potion of brilliance {unknown}
 I - a potion of enlightenment {unknown}
 J - 2 potions of ambrosia {unknown}


   Skills:
 - Level 2.2 Fighting
 - Level 1.7 Short Blades
 - Level 2.4 Dodging
 - Level 4.4 Stealth
 - Level 3.0 Spellcasting
 - Level 3.0 Hexes
 + Level 11.1 Poison Magic


You had 7 spell levels left.
You knew the following spells:

 Your Spells              Type           Power      Damage    Failure   Level
a - Ensorcelled Hibernat  Hex/Ice        10%        N/A       5%          2
b - Olgreb's Toxic Radia  Pois           30%        N/A       1%          4

Your spell library contained the following spells:

 Spells                   Type           Power      Damage    Failure   Level
 Cigotuvi's Dreadful Rot  Necr/Pois/Air  22%        N/A       2%          2
 Ignite Poison            Fire/Tmut/Pois 11%        N/A       4%          3
 Confusing Touch          Hex            9%         N/A       6%          3
 Tukima's Dance           Hex            9%         N/A       6%          3
 Dazzling Flash           Conj/Hex       10%        N/A       11%         3
 Freezing Cloud           Conj/Ice/Air   0%         6-21      85%         5
 Discord                  Hex            4%         N/A       100%        8
 Ignition                 Fire           0%         3d3       100%        8


Dungeon Overview and Level Annotations

Branches:
Dungeon (6/15)
 Temple: D:4-7

Altars:
Cheibriados
Dithmenos
Elyvilon
Fedhas
Makhleb
Nemelex Xobeh
Ru
Uskayaw
Zin

Annotations:
D:3 1 runed translucent door, Crazy Yiuf
D:6 Pikel


Innate Abilities, Weirdness & Mutations

Your serpentine skin is tough. (AC +2)
You have supernaturally acute eyesight. (SInv)
Armour fits poorly on your strangely shaped body.
Your system is resistant to poisons. (rPois)
You cover ground very slowly.
You can spit poison.
Your cowardice makes you less effective in combat with threatening foes.
You have a snake-like lower body.


Message History

Casting: Olgreb's Toxic Radiance (dangerous; 1% risk of failure)
Confirm with . or Enter, or press ? or * to list all spells.
You begin to radiate toxic energy.
Your toxic aura wanes.
You are no longer corroded.
You see here a +0 dagger.
You feel a twist of horror at the sight of this foe.
You reel with horror at the sight of these foes!
Casting: Olgreb's Toxic Radiance (dangerous; 1% risk of failure)
Confirm with . or Enter, or press ? or * to list all spells.
You don't have enough magic to cast this spell.
Okay, then.
Okay, then.
As you read the scroll labelled FEYGHIL FOMEA, it crumbles to dust.
It is a scroll of enchant armour.
Your +0 kite shield glows green for a moment.
Aiming: Spit Poison (1% risk of failure)
Press: ? - help, Shift-Dir - straight line, f - Pikel
Aim: Pikel, wielding a +2 whip of flaming and wearing a +0 robe (almost dead, poisoned, 55% to hit)
The splash of poison hits Pikel.
Pikel looks even sicker.
Pikel is almost dead.
You closely miss Pikel.
Pikel is almost dead.
Pikel hits you with a +2 whip of flaming.
* * * LOW HITPOINT WARNING * * *
Pikel burns you.
* * * LOW HITPOINT WARNING * * *
Pikel hits you with a +2 whip of flaming.
* * * LOW HITPOINT WARNING * * *
Pikel burns you.
* * * LOW HITPOINT WARNING * * *
Press: ? - help, v - describe, . - travel
Here: Pikel, wielding a +2 whip of flaming and wearing a +0 robe (almost dead, poisoned)
The floor.
You closely miss Pikel.
Pikel is almost dead.
Pikel hits you with a +2 whip of flaming.
* * * LOW HITPOINT WARNING * * *
Pikel burns you.
You die...
Pikel says, "Another soul for the market."

########### #.........#
#.#######.# #.#.....#.# ##
#####.#.##....# ..
#.....#.############# #
#####.###.#####.@K)..........
#
................)5...>######
# #####.###.###########.# #
..........# #.# # [#....[####
#.# # .#.###.## #.####### #
.#...#..#### #K......# #
##...#.....# #.#####.# #
.....#....)# #5†#


You could see Pikel (poisoned) and a lemure.

Vanquished Creatures
  Eustachio (D:6)
  A water moccasin (D:5)
  2 orc warriors
  An ogre (D:4)
  A lemure (D:6)
  2 scorpions
  2 jellies
  An orc priest (D:4)
  4 hounds
  An iguana (D:5)
  An orc wizard (D:6)
  Robin (D:4)
  10 adders
  11 gnolls
  2 ufetubi (D:5)
  2 worms
  A dart slug (D:1)
  16 orcs
  6 ball pythons
  4 bats
  An endoplasm (D:4)
  4 giant cockroaches
  9 goblins
  11 hobgoblins
  3 jackals (D:1)
  5 quokkas
  2 frilled lizards
  8 kobolds
  3 rats
116 creatures vanquished.

Notes
Turn   | Place    | Note
-------+----------+-------------------------------------------
     0 | D:1      | jt the Naga Enchanter began the quest for the Orb.
     0 | D:1      | Reached XP level 1. HP: 15/15 MP: 3/3
   236 | D:1      | Reached skill level 1 in Fighting
   236 | D:1      | Reached XP level 2. HP: 21/25 MP: 5/5
   866 | D:1      | Reached XP level 3. HP: 31/31 MP: 6/6
   983 | D:1      | Found a blossoming altar of Fedhas.
  1104 | D:2      | Learned a level 2 spell: Ensorcelled Hibernation
  1524 | D:2      | Reached XP level 4. HP: 39/39 MP: 7/7
  1748 | D:3      | Found a runed translucent door.
  1749 | D:3      | Noticed Crazy Yiuf
  1818 | D:3      | Learned a level 4 spell: Olgreb's Toxic Radiance
  2178 | D:3      | Reached skill level 1 in Poison Magic
  2292 | D:3      | Reached skill level 2 in Poison Magic
  2292 | D:3      | Reached XP level 5. HP: 40/45 MP: 8/8
  2651 | D:4      | Noticed Robin
  2662 | D:4      | Reached skill level 3 in Poison Magic
  2665 | D:4      | Killed Robin
  2788 | D:4      | Noticed an orc warrior
  2792 | D:4      | Reached skill level 4 in Poison Magic
  2792 | D:4      | Reached XP level 6. HP: 52/52 MP: 10/10
  2807 | D:4      | Killed an orc warrior
  2808 | D:4      | Reached skill level 5 in Poison Magic
  2908 | D:4      | Found a snail-covered altar of Cheibriados.
  2916 | D:4      | Found a white marble altar of Elyvilon.
  2917 | D:4      | Found a sacrificial altar of Ru.
  2917 | D:4      | Found a sparkling altar of Nemelex Xobeh.
  2918 | D:4      | Found a burning altar of Makhleb.
  2920 | D:4      | Found a shadowy altar of Dithmenos.
  2925 | D:4      | Became a worshipper of Ru the Awakened
  3110 | D:4      | Reached skill level 6 in Poison Magic
  3256 | D:4      | Found a hide-covered altar of Uskayaw.
  3313 | D:4      | Reached skill level 7 in Poison Magic
  3313 | D:4      | Reached XP level 7. HP: 60/60 MP: 7/11
  3607 | D:5      | Entered Level 5 of the Dungeon
  3657 | D:5      | Found a glowing silver altar of Zin.
  3661 | D:5      | Reached skill level 8 in Poison Magic
  3948 | D:5      | Reached skill level 9 in Poison Magic
  4066 | D:5      | Reached XP level 8. HP: 67/67 MP: 7/12
  4263 | D:6      | Noticed Eustachio
  4271 | D:6      | Killed Eustachio
  4272 | D:6      | Reached skill level 10 in Poison Magic
  4592 | D:6      | Gained mutation: Your cowardice makes you less effective in
                  | combat with threatening foes. [Ru sacrifice]
  4592 | D:6      | Reached * piety under Ru
  4634 | D:6      | Noticed Pikel
  4639 | D:6      | Reached skill level 11 in Poison Magic
  4658 | D:6      | HP: 2/67 [Pikel/+2 whip of flaming (4)]
  4658 | D:6      | Slain by Pikel

Illustrated notes

Levels and vault maps discovered:
D:1:      dpeg_arrival_lava_altar, layout_basic, nicolae_hexahallways,
          st_stairs_7
D:2:      layout_loops_ring
D:3:      layout_basic, uniq_crazy_yiuf_cottage
D:4:      layout_rooms, minitemple, nicolae_uskayaw_murder_on_the_dancefloor,
          mrwooster_statue_mirror, minmay_misc_feat_encased,
          kennysheep_orc_chapel, uniq_robin
D:5:      layout_rooms, mainiacjoe_overflow_alcove_1
D:6:      minmay_octagon_keep, layout_basic, mainiacjoe_overflow_catwalk,
          minmay_temple_entry_fiery, uniq_eustachio, uniq_pikel

Skill      XL: |  1  2  3  4  5  6  7  8 |
---------------+-------------------------+-----
Fighting       | 1 2 |  2.2
Dodging        | 2 |  2.4
Poison Magic   | 2 4 7 9 11 | 11.1
Spellcasting   | 3 |  3.0
Short Blades   | |  1.7
Stealth        | |  4.4
Hexes          | |  3.0

Action                     |  1- 3 |  4- 6 |  7- 9 || total
---------------------------+-------+-------+-------++-------
  Melee: Dagger            |    48 |    83 |    39 ||   170
         Punch             |     1 |       |     1 ||     2
         Falchion          |       |       |    25 ||    25
  Throw: Dart              |       |     1 |       ||     1
         Stone             |       |     1 |       ||     1
   Cast: Ensorcelled Hiber |     2 |       |       ||     2
         Olgreb's Toxic Ra |       |    11 |    12 ||    23
 Invoke: Sacrifice Courage |       |       |     1 ||     1
Ability: Spit Poison       |    21 |    30 |    11 ||    62
    Use: Scroll            |     2 |     6 |     4 ||    12
         Potion            |       |       |     1 ||     1
   Stab: Sleeping          |     5 |     4 |     1 ||    10
         Distracted        |     1 |       |       ||     1
 Armour: Robe              |    27 |    46 |    54 ||   127
  Dodge: Dodged            |    22 |    46 |    33 ||   101

Table legend: (Time is in decaauts)
 A = Elapsed time spent in this place.
 B = Non-inter-level travel time spent in this place.
 C = Inter-level travel time spent in this place.
 D = Time resting spent in this place.
 E = Time spent auto-exploring this place.
 F = Levels seen in this place.
 G = Mean time per level.
                   A        B        C        D        E       F      G
               +--------+--------+--------+--------+--------+-----+--------+
         Total |   5998 |   5709 |    289 |    402 |   3852 |   6 |  999.7 |
       Dungeon |   5998 |   5709 |    289 |    402 |   3852 |   6 |  999.7 |
               +--------+--------+--------+--------+--------+-----+--------+

Top non-repeatable levels by time:
     D:1: 1425 daAuts
     D:3: 1220 daAuts
     D:4: 1183 daAuts
     D:2: 873 daAuts
     D:5: 772 daAuts
     D:6: 522 daAuts
